 Dungeon Crawl Stone Soup version 0.31-a0-664-g902f515a81 (webtiles) character file.

Game seed: 4947905200964350240

121 avis the Changeling (level 4, -10/19 HPs)
             Began as a Felid Shapeshifter on Sept 3, 2023.
             Killed from afar by an orc wizard (11 damage)
             ... with a puff of flame
             ... on level 4 of the Dungeon.
             The game lasted 00:14:44 (2842 turns).

avis the Changeling (Felid Shapeshifter)            Turns: 2842, Time: 00:14:45

Health: -10/19     AC:  1    Str: 12    XL:     4   Next: 77%
Magic:  5/5        EV: 18    Int: 11    God:
Gold:   116        SH:  0    Dex: 15    Spells: 3/3 levels left
                                        Lives:  0   Deaths: 2

rFire   . .          .
                       - Unarmed
rCold   . . .        (shield unavailable)
rNeg    . . .        (body armour unavailable)
rPois   .            (helmet unavailable)
rElec   .            (cloak unavailable)
rCorr   .            (gloves unavailable)
SInv    +            (boots unavailable)
Will    .....        (no amulet)
Stlth   +            (no ring)
HPRegen 0.23/turn    (no ring)
MPRegen 0.09/turn

%: no passive effects
@: beast-form, quick
A: beast (slay +2), very small, claws 1, fangs 3, see invisible, speed 1, shaggy
fur 1, stealthy paws, no weapons or thrown items, no armour, multi-lived
a: Begin Untransformation


You were on level 4 of the Dungeon.
You were a hulking beast.
You visited 1 branch of the dungeon, and saw 4 of its levels.

You collected 116 gold pieces.

Inventory:

Talismans
 b - a beast talisman (active)
 c - a flux talisman
 l - a flux talisman
Scrolls
 f - 2 scrolls of fog {unknown}
 h - a scroll of blinking {unknown}
 i - a scroll of noise {unknown}
 k - a scroll of teleportation {unknown}
 m - a scroll of amnesia {unknown}
Potions
 d - a potion of magic
 j - a potion of enlightenment
 n - a potion of ambrosia {unknown}
 o - a potion of brilliance {unknown}


   Skills:
 * Level 2.1 Fighting
 + Level 4.3 Dodging
 - Level 3.0 Unarmed Combat
 + Level 4.6 Shapeshifting


You had 3 spell levels left.
You didn't know any spells.
Your spell library contained the following spells:

 Spells                   Type           Power      Damage    Failure   Level
 Shock                    Conj/Air       0%         1d3       34%         1
 Swiftness                Air            0%         N/A       71%         3
 Tukima's Dance           Hex            0%         N/A       71%         3
 Airstrike                Air            0%         2d(0-16)  98%         4
 Iskenderun's Mystic Bla  Conj/Tloc      0%         2d3       98%         4
 Malign Gateway           Summ/Tloc      0%         N/A       100%        7
 Summon Horrible Things   Summ           0%         N/A       100%        8
 Portal Projectile        Hex/Tloc       Unusable   N/A       N/A         3

Dungeon Overview and Level Annotations

Branches:
Dungeon (4/15)
 Temple: D:4-7

Altars:
Elyvilon
Hepliaklqana
Ru
Sif Muna
Wu Jian
Xom

Shops:
D:1 (   D:2 *=

Annotations:
D:3 Sigmund


Innate Abilities, Weirdness & Mutations

You are a hulking beast.
Your limbs bulge with bestial killing power. (Slay +2)
You have sharp claws.
You have razor-sharp teeth.
You have supernaturally acute eyesight. (SInv)
You cover ground quickly. (Speed+)
You are covered in fur. (AC +1)
Your paws help you pounce on unaware monsters.
You are incapable of wielding weapons or throwing items.
You cannot wear armour.
You gain extra lives every three experience levels.


Message History

Sigmund is nearby!
There is an open door here.
There is a stone staircase leading up here.
You see here a +0 hand axe.
Items here: )) [[ †.
There is an open door here.
There is a stone staircase leading down here.
You climb downwards.
Found a ring mail and a long sword.
Found a stone staircase leading down.
There is a stone staircase leading up here.
An orc comes into view. It is wielding a +0 hand axe.
You see here a +0 ring mail.
The orc completely misses you.
You scratch the orc.
The orc is almost dead.
The orc closely misses you.
You scratch the orc.
You kill the orc!
Found a stone staircase leading up. 2 orcs come into view.
The orc shouts!
An orc wizard and an orc come into view.
The orc throws a boomerang.
The boomerang closely misses you.
An orc wizard comes into view. It is wielding a +0 dagger.
The orc shouts!
You miss the orc wizard. The orc wizard completely misses you.
You scratch the orc wizard.
The orc wizard is lightly wounded.
The orc hits you with a +0 flail!
Ouch! That really hurt!
The orc wizard closely misses you.
You scratch the orc wizard.
You bite the orc wizard, but do no damage.
The orc wizard is moderately wounded.
The orc hits you with a +0 flail!
* * * LOW HITPOINT WARNING * * *
The orc wizard points at you and mumbles some strange words.
The puff of flame hits you!
Ouch! That really hurt!
You die...

........................
.......................
.......>..............
... ##............# o.
##.###)####### #.##
###.# #.# # #.o###...#
#.# ...<###o#...### #..
#....oh.### #..
#........# ..##
#..####.#.# #.# #.
#..... ####... #..# ....
###.


You could see 2 orc wizards and 2 orcs.

Vanquished Creatures
  An orc priest (D:3)
  Terence (D:2)
  An adder (D:2)
  A dart slug (D:1)
  7 orcs
  4 bats
  4 endoplasms
  A giant cockroach (D:2)
  6 goblins
  5 hobgoblins
  2 quokkas
  A ball python (D:3)
  2 frilled lizards
  6 kobolds
  4 rats
46 creatures vanquished.

Notes
Turn   | Place    | Note
-------+----------+-------------------------------------------
     0 | D:1      | avis the Felid Shapeshifter began the quest for the Orb.
     0 | D:1      | Reached XP level 1. HP: 9/9 MP: 2/2
   339 | D:1      | Reached XP level 2. HP: 12/12 MP: 3/3
   723 | D:1      | Found Joicof's Antique Weapon Emporium.
  1254 | D:2      | Reached XP level 3. HP: 8/15 MP: 4/4
  1365 | D:2      | Found Pytaxa's General Store.
  1455 | D:2      | Found Jurygg's Jewellery Shoppe.
  1661 | D:3      | Found a sacrificial altar of Ru.
  1786 | D:3      | Found a shimmering blue altar of Sif Muna.
  1820 | D:3      | Found a white marble altar of Elyvilon.
  1901 | D:3      | Found an ornate altar of the Wu Jian Council.
  1977 | D:3      | Killed from afar by an orc priest
  1978 | D:3      | Found a hazy altar of Hepliaklqana.
  1978 | D:3      | Found a shimmering altar of Xom.
  1978 | D:3      | Noticed a sphinx zombie
  1979 | D:3      | Noticed a spectral ugly thing
  1979 | D:3      | Noticed a sphinx zombie
  1990 | D:3      | Noticed Terence
  1991 | D:3      | Noticed Sigmund
  2530 | D:2      | Killed Terence
  2531 | D:2      | Reached XP level 4. HP: 15/19 MP: 5/5
  2711 | D:3      | Killed from afar by Sigmund
  2842 | D:4      | Killed from afar by an orc wizard

Illustrated notes

Levels and vault maps discovered:
D:1:      lemuel_arrival_funnel, layout_basic, serial_shops,
          nicolae_shop_back_alley_shop, minmay_misc_feat_alley,
          nicolae_hexahallways, roderic_lattice_a
D:2:      layout_basic, serial_shops, shop, shop
D:3:      layout_basic, nicolae_overflow_quartered_altars,
          regret_index_temple_of_mockery, minmay_fountain_box,
          chequers_serial_rivers_micro_d, uniq_terence, uniq_sigmund
D:4:      layout_rooms, makhleb_blood_cavern_becter, eino_curves_04,
          uniq_natasha

Skill      XL: |  1  2  3  4 |
---------------+-------------+-----
Dodging        | 3 4 |  4.3
Shapeshifting  | 4 |  4.6
Fighting       | 2 |  2.1
Unarmed Combat | |  3.0

Action                     |  1- 3 |  4- 6 || total
---------------------------+-------+-------++-------
  Melee: Unarmed           |    95 |    24 ||   119
         Bite              |     7 |     1 ||     8
         Punch             |     1 |     1 ||     2
    Use: Scroll            |     3 |       ||     3
         Potion            |     1 |     1 ||     2
   Stab: Sleeping          |     4 |       ||     4
         Invisible         |     1 |       ||     1
 Armour: Skin              |    24 |    19 ||    43
  Dodge: Dodged            |    52 |    17 ||    69

Table legend: (Time is in decaauts)
 A = Elapsed time spent in this place.
 B = Non-inter-level travel time spent in this place.
 C = Inter-level travel time spent in this place.
 D = Time resting spent in this place.
 E = Time spent auto-exploring this place.
 F = Levels seen in this place.
 G = Mean time per level.
                   A        B        C        D        E       F      G
               +--------+--------+--------+--------+--------+-----+--------+
         Total |   2386 |   2194 |    192 |    295 |   1315 |   4 |  596.5 |
       Dungeon |   2386 |   2194 |    192 |    295 |   1315 |   4 |  596.5 |
               +--------+--------+--------+--------+--------+-----+--------+

Top non-repeatable levels by time:
     D:1: 1019 daAuts
     D:3: 759 daAuts
     D:2: 574 daAuts
     D:4: 33 daAuts
